 Dungeon Crawl Stone Soup version 0.22-a0-551-g3b2bdd4ba6 (webtiles) character file.

1878 123456 the Basher (level 8, 0/85 (87) HPs)
             Began as a Demonspawn Abyssal Knight on June 25, 2018.
             Was a Priest of Lugonu.
             Slain by an orc priest
             ... wielding a +0 trident
              (1 damage)
             ... on level 6 of the Dungeon.
             The game lasted 00:34:09 (8746 turns).

123456 the Basher (Demonspawn Abyssal Knight)       Turns: 8746, Time: 00:34:10

HP:   0/85 (87)     AC: 31    Str: 15    XL:     8   Next: 91%
MP:   12/12         EV:  2    Int: 13    God:    Lugonu [***...]
Gold: 258           SH:  0    Dex: 18    Spells: 7/7 levels left

rFire    . . .     SeeInvis .   a - +0 flail (protect)
rCold    . . .     Gourm    .   (no shield)
rNeg     + + +     Faith    .   (armour currently unavailable)
rPois    +         Spirit   .   (helmet currently unavailable)
rElec    .         Reflect  .   (cloak currently unavailable)
rCorr    .         Harm     .   (gloves currently unavailable)
MR       .....     NoTele   +   (boots currently unavailable)
Stlth    +++.......             (no amulet)
HPRegen  0.24/turn              (no ring)
MPRegen  0.13/turn              (no ring)

@: agile, tree-form, protection aura
A: powered by pain 1
a: Depart the Abyss, Bend Space, Banish, Renounce Religion


You were on level 6 of the Dungeon.
You worshipped Lugonu.
Lugonu was most pleased with you.
You were hungry.
You were a tree.
You visited 1 branch of the dungeon, and saw 6 of its levels.
You visited the Abyss 1 time.

You collected 258 gold pieces.

Inventory:

Hand Weapons
 a - a +0 flail of protection (weapon)
 b - a +0 fustibalus
 y - a +0 hunting sling
Missiles
 g - 89 sling bullets
 h - 165 stones (quivered)
 j - 56 arrows
 k - 4 javelins
 t - 5 silver tomahawks
 u - 46 bolts
 D - 3 poisoned tomahawks
 E - 4 tomahawks
Armour
 q - a +1 pair of gloves (melded)
 G - the +3 chain mail of Irphetiomn (melded) {Str+2}
   (You found it on level 6 of the Dungeon)

   It affects your strength (+2).
Jewellery
 w - an uncursed ring of ice {unknown}
Wands
 F - a wand of flame (22)
Scrolls
 l - a scroll of enchant armour
 m - 3 scrolls of magic mapping
 o - 2 scrolls of random uselessness
 p - a scroll of noise
 r - 2 scrolls of remove curse
 s - 2 scrolls of identify
 x - a scroll of teleportation {unknown}
 A - a scroll of enchant weapon {unknown}
 B - a scroll of immolation {unknown}
 H - a scroll of blinking {unknown}
Potions
 d - 2 potions of lignification
 e - a potion of agility
 f - 3 potions of ambrosia {unknown}
 i - 2 potions of degeneration {unknown}
 n - 4 potions of curing {unknown}
 v - 2 potions of magic {unknown}
 z - 2 potions of flight {unknown}
 C - a potion of invisibility {unknown}
Comestibles
 c - 9 rations


   Skills:
 - Level 3.0 Fighting
 * Level 9.0 Maces & Flails
 + Level 4.9 Armour
 - Level 0.8 Dodging
 * Level 5.8 Invocations


You had 7 spell levels left.
You didn't know any spells.
Your spell library was empty.

Dungeon Overview and Level Annotations

Branches:
Dungeon (6/15)
 Temple: D:4-7

Altars:
Ashenzari
Elyvilon
Fedhas
Hepliaklqana
Makhleb
Nemelex Xobeh
Okawaru
Ru
Sif Muna
Trog
Uskayaw
Vehumet
Yredelemnul

Annotations:
D:2 sky beast
D:4 exclusion: oklob plant


Innate Abilities, Weirdness & Mutations

((You have a pair of small antennae on your head.))
((You have sharp toenails.))
((Your flesh is heat resistant. (rF+)))
You sometimes gain a little power by taking damage.


Message History

Your kick misses the orc priest. The orc priest misses you.
Your chain mail of Irphetiomn prevents you from hitting the orc priest.
You claw the orc priest, but do no damage.
The orc priest closely misses you.
You hit the orc priest.
The orc priest is lightly wounded.
The orc priest mumbles some strange prayers to Beogh against you.
Beogh smites you!
* * * LOW HITPOINT WARNING * * *
You focus on the pain.
You feel more agile all of a sudden.
You turn into a tree.
Your +1 pair of gloves melds into your body.
The +3 chain mail of Irphetiomn {Str+2} melds into your body.
Your roots penetrate the ground.
The orc priest hits you but does no damage.
You closely miss the orc priest.
The orc priest is lightly wounded.
The orc priest hits you with a trident.
You die...

#.##.##.###.......
#.##.##..##......#
##########
#.##....#.#......#
#........#
#.#####..........#
#.######.#
###.......#####.#### #.# #.#
#.......### #.# ##.# #.#
#.#####.# #.# ...#
#.####.#####.# ##.## ####
#.......♣.##.# #...# ...#
######.##o##.# #...# ...#
#######.......#.# #...# ...#
#.....#.........######...###
#.##
#.....#..###...###..........
#.#
#..........#................
#.#
#.....#..#......##..oo......
..#
#.....#............###...###
### ########.#......##.#
#...#


You could see an orc priest.

Vanquished Creatures
  Menkaure (D:6)
  2 water moccasins
  An ice beast (D:5)
  An orc warrior (D:6)
  A necrophage (D:5)
  A sky beast (D:5)
  2 ogres (D:6)
  2 bullfrogs
  2 scorpions (D:4)
  3 crimson imps
  A centaur zombie (D:5)
  A bullfrog zombie (D:6)
  An orc priest (D:6)
  A centaur skeleton (D:5)
  4 hounds
  4 orc wizards
  3 hound skeletons
  A worker ant zombie (D:5)
  2 gnolls
  2 howler monkey skeletons (D:4)
  8 adders
  An adder zombie (D:5)
  An adder skeleton (D:5)
  3 worms
  2 dart slugs (D:2)
  2 leopard geckos
  18 orcs
  7 giant cockroaches
  4 goblins
  A hobgoblin (D:2)
  10 jackals
  8 kobolds
  5 quokkas
  A ball python (D:6)
  8 bats
  A frilled lizard (D:2)
  A jackal zombie (D:6)
  A quokka skeleton (D:4)
  9 rats
127 creatures vanquished.

Vanquished Creatures (others)
  An ogre (D:6)
1 creature vanquished.

Grand Total: 128 creatures vanquished

Notes
Turn   | Place    | Note
-------+----------+-------------------------------------------
     0 | Abyss:1  | 123456 the Demonspawn Abyssal Knight began the quest for the Orb.
     0 | Abyss:1  | Reached XP level 1. HP: 18/18 MP: 2/2
    20 | D:1      | Escaped the Abyss
   186 | D:1      | Reached skill level 2 in Maces & Flails
   514 | D:2      | Gained mutation: You sometimes gain a little power by taking damage. [demonic ancestry]
   514 | D:2      | Reached XP level 2. HP: 22/24 MP: 4/4
   998 | D:2      | Reached XP level 3. HP: 27/29 MP: 5/5
  1118 | D:2      | Found a deep blue altar of Sif Muna.
  1134 | D:2      | Found a shattered altar of Ashenzari.
  1145 | D:2      | Found a radiant altar of Vehumet.
  1165 | D:2      | Reached skill level 3 in Maces & Flails
  1314 | D:2      | Found a hide-covered altar of Uskayaw.
  1355 | D:2      | Found a burning altar of Makhleb.
  1783 | D:2      | Noticed a sky beast
  1838 | D:3      | Found a sacrificial altar of Ru.
  1861 | D:3      | Reached ** piety under Lugonu
  2064 | D:3      | Reached XP level 4. HP: 33/35 MP: 6/6
  2300 | D:3      | Reached skill level 4 in Maces & Flails
  2514 | D:3      | Found a hazy altar of Hepliaklqana.
  2572 | D:3      | Gained mutation: You have a pair of small antennae on your head. [demonic ancestry]
  2572 | D:3      | Reached XP level 5. HP: 31/41 MP: 7/7
  3560 | D:4      | Reached skill level 5 in Maces & Flails
  3642 | D:4      | Found a blossoming altar of Fedhas.
  3664 | D:4      | Noticed an oklob plant
  3728 | D:4      | Reached XP level 6. HP: 47/47 MP: 8/8
  3785 | D:4      | Reached *** piety under Lugonu
  4078 | D:4      | Found a white marble altar of Elyvilon.
  4351 | D:5      | Entered Level 5 of the Dungeon
  4352 | D:5      | Noticed a sky beast
  4382 | D:5      | Killed a sky beast
  4700 | D:5      | Reached skill level 6 in Maces & Flails
  4766 | D:5      | Found a basalt altar of Yredelemnul.
  4978 | D:5      | Noticed a water moccasin
  4994 | D:5      | Killed a water moccasin
  4994 | D:5      | Gained mutation: You have sharp toenails. [demonic ancestry]
  4994 | D:5      | Reached XP level 7. HP: 36/52 MP: 9/9
  5278 | D:5      | Found an iron altar of Okawaru.
  5382 | D:5      | Found a bloodstained altar of Trog.
  5728 | D:5      | Reached skill level 7 in Maces & Flails
  6302 | D:5      | Gained mutation: Your flesh is heat resistant. (rF+) [demonic ancestry]
  6302 | D:5      | Reached XP level 8. HP: 40/57 MP: 11/11
  6683 | D:6      | Reached skill level 8 in Maces & Flails
  6885 | D:6      | Reached skill level 5 in Invocations
  7134 | D:5      | HP: 2/57 [poisoned by a crimson imp]
  7140 | D:5      | HP: 1/57 [poisoned by a crimson imp]
  7148 | D:5      | HP: 1/57 [poisoned by a crimson imp]
  8138 | D:6      | Got a pitted chain mail
  8149 | D:6      | Identified the +3 chain mail of Irphetiomn {Str+2} (You found it on level 6 of the Dungeon)
  8236 | D:6      | Found a sparkling altar of Nemelex Xobeh.
  8249 | D:6      | Noticed Menkaure
  8257 | D:6      | Killed Menkaure
  8738 | D:6      | Reached skill level 9 in Maces & Flails
  8744 | D:6      | HP: 1/57 [orc priest/divine providence (12)]
  8746 | D:6      | Slain by an orc priest

Vault maps used:
D:1:      tarquinn_simple_flora_water_a
D:2:      grunt_temple_overflow_cloverleaf, lemuel_round_altar, first_ration,
          minmay_domino_2
D:3:      nicolae_overflow_hidden_temple, nicolae_ru_sacrificial_ziggurat
D:4:      lemuel_round_altar, tgw_fedhas
D:5:      kennysheep_mini, lemuel_doored_altar, trog_butcher_becter
D:6:      lemuel_crystal_altar, kennysheep_small_square, uniq_menkaure

Skill      XL: |  1  2  3  4  5  6  7  8 |
---------------+-------------------------+-----
Maces & Flails | 2 3 4 5 6 7 9 |  9.0
Invocations    | 3 4 5 |  5.8
Armour         | 2 3 4 |  4.9
Fighting       | |  3.0
Dodging        | |  0.8

Action                   |  1- 3 |  4- 6 |  7- 9 || total
-------------------------+-------+-------+-------++-------
Melee: Mace              |   120 |    88 |       ||   208
       Flail             |       |   171 |   195 ||   366
       Kick              |       |       |    50 ||    50
 Fire: Hunting sling     |       |    16 |       ||    16
       Fustibalus        |       |     2 |    20 ||    22
Invok: Bend Space        |       |       |     2 ||     2
       Banish            |       |       |     2 ||     2
Evoke: Wand              |       |       |     3 ||     3
  Use: Scroll            |       |     7 |       ||     7
       Potion            |       |     4 |     2 ||     6
 Stab: Sleeping          |     1 |       |       ||     1
  Eat: Chunk             |     4 |     5 |     6 ||    15
       Ration            |       |     1 |     2 ||     3
Armor: Leather armour    |     9 |       |       ||     9
       Ring mail         |    26 |    45 |       ||    71
       Scale mail        |       |    80 |    78 ||   158
       Skin              |       |    18 |     1 ||    19
       Chain mail        |       |       |     6 ||     6
Dodge: Dodged            |    57 |   128 |    86 ||   271

Table legend:
 A = Spawn XP
 B = Non-spawn XP
 C = Spawn XP percentage of total XP
 D = Spawn monster count
 E = Non-spawn monster count
 F = Spawn count percentage of total count
 G = Total turns spent on level
                    A         B        C        D         E        F      G
               +---------+---------+-------+---------+---------+-------+---------
         Total |       0 |    2683 |   0.0 |       0 |     128 |   0.0 |  8746
               +---------+---------+-------+---------+---------+-------+---------
           D:1 |       0 |       9 |   0.0 |       0 |       5 |   0.0 |   464
           D:2 |       0 |      68 |   0.0 |       0 |      21 |   0.0 |  1428
           D:3 |       0 |     150 |   0.0 |       0 |      38 |   0.0 |  1061
           D:4 |       0 |     224 |   0.0 |       0 |      12 |   0.0 |  1635
           D:5 |       0 |     972 |   0.0 |       0 |      28 |   0.0 |  2541
           D:6 |       0 |    1260 |   0.0 |       0 |      24 |   0.0 |  1597
               +---------+---------+-------+---------+---------+-------+---------
